 Dungeon Crawl Stone Soup version 0.30-a0-43-gbbf338a72c (webtiles) character file.

Game seed: 1635330793592243206

1964 lesbiats the Chucker (level 9, -3/87 HPs)
             Began as a Troll Gladiator on Aug 28, 2022.
             Slain by an orc warrior
             ... wielding a +0 halberd
              (16 damage)
             ... in a bailey on Sept 1, 2022.
             The game lasted 00:26:48 (5250 turns).

lesbiats the Chucker (Troll Gladiator)              Turns: 5250, Time: 00:26:48

Health: -3/87      AC:  5    Str: 28    XL:     9   Next: 0%
Magic:  8/8        EV: 18    Int:  4    God:
Gold:   261        SH:  5    Dex: 11    Spells: 8/8 levels left

rFire   . . .      SeeInvis .      - Unarmed
rCold   . . .      Faith    .    (no shield)
rNeg    . . .      Spirit   .    a - +0 robe
rPois   .          Reflect  +    b - +0 hat
rElec   .          Harm     .    g - +0 cloak
rCorr   .          Rampage  .    (gloves unavailable)
Will    .....                    (boots unavailable)
Stlth   +.........               w - amulet of reflection
HPRegen 1.04/turn                j - +4 ring of evasion
MPRegen 0.11/turn                m - +4 ring of evasion

@: no status effects
A: large, unfitting armour, claws 3, regeneration 1, shaggy fur 1, tough skin 1
a: no special abilities


You were in a bailey.
You visited 1 branch of the dungeon, and saw 7 of its levels.
You also visited: Bailey.

You collected 261 gold pieces.

Inventory:

Missiles
 c - a throwing net
 h - 23 stones
 i - 9 poisoned darts
 t - 2 boomerangs (quivered)
 C - an atropa-tipped dart
Armour
 a - a +0 robe (worn)
 b - a +0 hat (worn)
 g - a +0 cloak (worn)
Jewellery
 j - a +4 ring of evasion (left claw)
 m - a +4 ring of evasion (right claw)
 w - an amulet of reflection (around neck)
 F - a ring of protection from cold
 H - a +6 ring of intelligence
Wands
 r - a wand of polymorph (9)
 u - a wand of flame (36)
 A - a wand of quicksilver (4)
Scrolls
 e - a scroll of butterflies
 n - 2 scrolls of teleportation
 p - a scroll of brand weapon
 q - a scroll of magic mapping
 v - 2 scrolls of fear
 y - a scroll of vulnerability {unknown}
 D - a scroll of enchant weapon {unknown}
 G - a scroll of immolation {unknown}
Potions
 f - 3 potions of heal wounds
 k - a potion of mutation
 l - 3 potions of brilliance
 o - a potion of flight
 s - 2 potions of degeneration
 x - a potion of haste {unknown}
 z - 2 potions of curing
 B - a potion of lignification {unknown}
 E - a potion of magic {unknown}
 I - a potion of berserk rage {unknown}
 J - a potion of invisibility


   Skills:
 + Level 4.9 Fighting
 * Level 7.3 Throwing
 - Level 4.0 Dodging
 + Level 6.2 Unarmed Combat


You had 8 spell levels left.
You didn't know any spells.
Your spell library contained the following spells:

 Spells                   Type           Power      Damage    Failure   Level
 Foxfire                  Conj/Fire      0%         2x1d4     50%         1
 Slow                     Hex            0%         N/A       50%         1
 Poisonous Vapours        Pois/Air       0%         N/A       65%         2
 Confusing Touch          Hex            0%         N/A       86%         3
 Conjure Flame            Conj/Fire      0%         6-21      86%         3
 Gell's Gravitas          Tloc           0%         N/A       86%         3
 Inner Flame              Hex/Fire       0%         N/A       86%         3
 Lesser Beckoning         Tloc           0%         N/A       86%         3
 Ozocubu's Armour         Ice            0%         N/A       86%         3
 Teleport Other           Tloc           0%         N/A       86%         3
 Vampiric Draining        Necr           0%         2d6       86%         3
 Corpse Rot               Necr/Pois/Air  0%         N/A       99%         4
 Flame Wave               Conj/Fire      0%         2d4       99%         4
 Metabolic Englaciation   Hex/Ice        0%         N/A       100%        5
 Simulacrum               Ice/Necr       0%         N/A       100%        6


Dungeon Overview and Level Annotations

Branches:
Dungeon (7/15)             Bailey (1/1)
 Temple: D:4-7

Altars:
Qazlal


Innate Abilities, Weirdness & Mutations

You are too large for most types of armour.
You have claws for hands.
Your natural rate of healing is unusually fast.
You are covered in fur. (AC +1)
You have tough skin. (AC +1)


Message History

Throw: 2 boomerangs
Press: ? - help, Shift-Dir - straight line, f/p - orc knight
Aim: an orc knight, wielding a +0 halberd and wearing a +0 scale mail (severely wounded, strong, extremely poisoned, 55% to hit)
Okay, then.
Aiming: Throw Flame
Press: ? - help, Shift-Dir - straight line, f/p - orc knight
Aim: an orc knight, wielding a +0 halberd and wearing a +0 scale mail (severely wounded, strong, extremely poisoned, 60% to hit)
The puff of flame hits the orc knight but does no damage.
The orc knight is severely wounded.
Throw: 10 darts (poison)
Press: ? - help, Shift-Dir - straight line, f/p - orc knight
Aim: an orc knight, wielding a +0 halberd and wearing a +0 scale mail (severely wounded, strong, extremely poisoned, 55% to hit)
You throw a poisoned dart. The poisoned dart hits the orc knight!
The orc knight looks as sick as possible!
The orc knight is severely wounded.
The orc knight misses you.
The orc warrior splashes around in the water.
The orc warrior closely misses you.
You see here a poisoned dart.
You closely miss the orc knight.
The orc knight is severely wounded.
The orc warrior closely misses you. The orc knight barely misses you.
The orc knight closely misses you.
You scratch the orc knight.
The orc knight is severely wounded.
You block the orc warrior's attack. The orc warrior closely misses you.
The orc knight hits you with a +0 halberd!
The orc knight barely misses you.
You barely miss the orc knight.
The orc knight is severely wounded.
The orc warrior splashes around in the water.
The orc warrior hits you from afar with a +0 halberd!
The orc knight misses you.
The orc knight hits you with a +0 halberd!!
You barely miss the orc knight.
The orc knight is severely wounded.
The orc warrior hits you with a +0 spear!
* * * LOW HITPOINT WARNING * * *
The orc warrior hits you from afar with a +0 halberd!
You die...

###########
##.........##
#..~~~~~~~..##
..~~.....~~..##
.~~..###..~~..##########
~~..## ##..~~..........#
~..##.∩.##..~~o~oo~~~~.#
..##.....##(().o@.)).~.#
### ##+###'#########.~.#
... ##.~.# ≈≈≈≈. ##.)~.#
§(..o≈≈ ##..~~.# .⌠∩⌠..(
#..~~.∩# ..⌠...≈
#+#..~~.## ....(≈≈
##.##..~~.# +...##..~.#


You could see 2 orc knights and 2 orc warriors.

Vanquished Creatures
  A wraith (D:6)
  Edmund (D:4)
  A water moccasin (D:5)
  An ice beast (D:6)
  3 orc warriors (Bailey)
  3 black bears (D:6)
  A centaur (D:6)
  A bullfrog (D:5)
  A necrophage (D:5)
  3 scorpions
  An orc priest (D:6)
  5 hounds
  A gnoll bouda (D:5)
  Natasha (thrice) (D:3)
  2 iguanas
  4 gnolls (D:5)
  8 adders
  A shadow imp (D:6)
  A worm (D:4)
  A dart slug (D:5)
  22 orcs
  3 bats
  2 endoplasms (D:1)
  A giant cockroach (D:1)
  4 goblins
  5 hobgoblins
  6 jackals
  9 kobolds
  8 quokkas
  6 ball pythons
  9 frilled lizards
  7 rats
125 creatures vanquished.

Notes
Turn   | Place    | Note
-------+----------+-------------------------------------------
     0 | D:1      | lesbiats the Troll Gladiator began the quest for the Orb.
     0 | D:1      | Reached XP level 1. HP: 19/19 MP: 0/0
    32 | D:1      | Found a faded altar of an unknown god.
   103 | D:1      | Reached XP level 2. HP: 28/28 MP: 1/1
   105 | D:1      | Reached skill level 2 in Throwing
   885 | D:2      | Reached XP level 3. HP: 35/35 MP: 2/2
   958 | D:2      | Reached XP level 4. HP: 42/42 MP: 3/3
  1391 | D:2      | Reached skill level 3 in Throwing
  1497 | D:3      | Noticed Natasha
  1501 | D:3      | Killed Natasha
  1502 | D:3      | Reached XP level 5. HP: 50/50 MP: 4/4
  1513 | D:3      | Noticed Natasha
  1516 | D:3      | Killed Natasha
  1586 | D:3      | Noticed Natasha
  1596 | D:3      | Killed Natasha
  2587 | D:4      | Reached XP level 6. HP: 49/59 MP: 5/5
  2867 | D:4      | Noticed Edmund
  2890 | D:4      | Killed Edmund
  2891 | D:4      | Reached skill level 4 in Throwing
  3039 | D:5      | Entered Level 5 of the Dungeon
  3054 | D:5      | Noticed a water moccasin
  3071 | D:5      | Killed a water moccasin
  3072 | D:5      | Reached XP level 7. HP: 63/67 MP: 6/6
  3347 | D:5      | Reached skill level 5 in Throwing
  3603 | D:5      | Got Mygoijes's Compendium of Putrescence
  3759 | D:6      | Found a stormy altar of Qazlal.
  3777 | D:6      | Reached skill level 5 in Unarmed Combat
  4010 | D:6      | Reached XP level 8. HP: 78/78 MP: 7/7
  4048 | D:6      | Upgraded the game from 0.30-a0-39-g42789b21ef to
                  | 0.30-a0-42-g806c11bf1d
  4077 | D:6      | Reached skill level 6 in Throwing
  4833 | D:7      | Found a flagged portal.
  4842 | Bailey   | Entered a bailey
  4843 | Bailey   | Upgraded the game from 0.30-a0-42-g806c11bf1d to
                  | 0.30-a0-43-gbbf338a72c
  4860 | Bailey   | Reached skill level 7 in Throwing
  5073 | Bailey   | Reached XP level 9. HP: 25/87 MP: 8/8
  5220 | Bailey   | Noticed an orc knight
  5220 | Bailey   | Noticed an orc knight
  5250 | Bailey   | Slain by an orc warrior

Illustrated notes

Levels and vault maps discovered:
D:1:      mrwooster_arrival_statue, layout_loops_ring,
          hellmonk_ecumenical_altar_crossroads, minmay_heptomino_h4
D:2:      layout_basic
D:3:      layout_basic, uniq_natasha
D:4:      layout_basic, uniq_edmund
D:5:      layout_rooms
D:6:      layout_rooms, nicolae_qazlal_scattered_showers
D:7:      layout_basic, chequers_temple_overflow_statue_of_worship,
          minmay_temple_entry_overgrown, enter_bailey_2
Bailey:   bailey_polearm_1, bailey

Skill      XL: |  1  2  3  4  5  6  7  8 |
---------------+-------------------------+-----
Throwing       | 2 3 4 5 7 |  7.3
Fighting       | 2 3 4 |  4.9
Dodging        | 3 4 |  4.0
Unarmed Combat | 4 5 6 |  6.2

Action                   |  1- 3 |  4- 6 |  7- 9 || total
-------------------------+-------+-------+-------++-------
Melee: Unarmed           |    65 |   134 |   176 ||   375
       Punch             |       |     3 |    13 ||    16
Throw: Stone             |     3 |    10 |    13 ||    26
       Boomerang         |       |    26 |    11 ||    37
       Dart              |       |       |    25 ||    25
       Large rock        |       |       |     3 ||     3
       Throwing net      |       |       |     2 ||     2
Evoke: Wand              |       |       |     1 ||     1
  Use: Scroll            |       |     9 |     1 ||    10
       Potion            |       |       |     1 ||     1
 Stab: Sleeping          |     1 |       |       ||     1
Armor: Robe              |    15 |    16 |    20 ||    51
Dodge: Dodged            |    36 |   106 |   192 ||   334
Block: Other             |       |       |    41 ||    41

Table legend: (Time is in decaauts)
 A = Elapsed time spent in this place.
 B = Non-inter-level travel time spent in this place.
 C = Inter-level travel time spent in this place.
 D = Time resting spent in this place.
 E = Time spent auto-exploring this place.
 F = Levels seen in this place.
 G = Mean time per level.
                   A        B        C        D        E       F      G
               +--------+--------+--------+--------+--------+-----+--------+
         Total |   5261 |   4919 |    342 |   1056 |   2624 |   8 |  657.6 |
       Dungeon |   4858 |   4516 |    342 |    993 |   2551 |   7 |  694.0 |
        Bailey |    403 |    403 |      0 |     63 |     73 |   1 |  403.0 |
               +--------+--------+--------+--------+--------+-----+--------+

Top non-repeatable levels by time:
     D:6: 1046 daAuts
     D:4: 983 daAuts
     D:1: 763 daAuts
     D:5: 752 daAuts
     D:3: 653 daAuts
     D:2: 633 daAuts
  Bailey: 403 daAuts
     D:7: 25 daAuts
